Unix NetHack Version 5.0.0-0 post-release - last build May 31 2026 23:59:36 (970b52f25bf058293b47ddfd14a1e40e571c508c,branch:main).

Game began 2026-06-08 18:06:48, ended 2026-06-08 18:26:48.

AndiBanandi, lawful female dwarven Valkyrie

                                                            #
                                                     -------.--------
                                                     |.....i........-#
                                                  ###|....i....^[.h.|#
                                                  ###-.^.@f.i.......|#
                                                ###  ----------------#
                                                #                    #
                                                #                    #
                                                #                    #
                                    #        ####                   ##
                                  #############                     #
                   ---+--         #-.---     #######              ###
                   |.....         #|..*.######                    %-----------
                   |.<..|         #|.>.|                          #-.%%!%%[?+|
                   |....-##########|{..|                           |.%.!)?[[?|
                   ------          -----                           -----------

AndiBanandi the Skirmisher  St:18 Dx:12 Co:20 In:9 Wi:9 Ch:7  Lawful
Dlvl:2  $:18 HP:0(56) Pw:9(9) AC:5  Xp:5 T:665 

Latest messages:
 You see a peaceful hobbit.
 You see a hobgoblin.
 You see a kitten.
 You see a manes.
 You see a manes.
 You see a manes.
 You see a peaceful hobbit.
 The manes hits!
 The manes hits again!
 The manes bites!
 You destroy the manes!
 The hobgoblin throws an orcish dagger!
 The orcish dagger hits the kitten.
 The hobgoblin picks up an orcish dagger.
 You swap places with the peaceful hobbit.
 The kitten strikes at your displaced image and misses you!
 You see a homunculus.
 You see a kitten.
 You miss the hobgoblin.
 The hobgoblin wields an orcish dagger!
 The kitten strikes at your displaced image and misses you!
 You see a kitten.
 You miss the hobgoblin.
 The kitten bites!
 You see a homunculus.
 The kitten bites!
 You kill the hobgoblin!
 The kitten bites!
 The kitten bites!
 You kill the kitten!
 Welcome to experience level 5.
 You see a homunculus.
 You see a kitten.
 You see a kitten.
 The kitten misses!
 You miss the kitten.
 The kitten bites!
 The manes strikes at your displaced image and misses you!
 The kitten bites!
 The kitten bites!
 The kitten bites!
 The kitten bites!
 The kitten bites!
 The kitten bites!
 You die...
 Do you want your possessions identified? [ynq] (y) n
 Do you want to see your attributes? [ynq] (y) n
 Do you want an account of creatures vanquished? [ynaq] (y) n
 Do you want to see your conduct and achievements? [ynq] (y) n
 Do you want to see the dungeon overview? [ynq] (y) n

Inventory:
 Coins    ('$')
  $ - 18 gold pieces
 Weapons  (')')
  b - 2 +0 daggers (alternate weapons; not wielded)
  a - a +1 dwarvish spear (weapon in right hand)
 Armor    ('[')
  n - an uncursed +0 dwarvish iron helm
  c - an uncursed +3 small shield (being worn)
  x - an uncursed +0 cloak of displacement (being worn)
 Comestibles  ('%')
  d - 3 uncursed food rations
  l - an uncursed tin of sauteed newt meat
  w - an uncursed egg
 Scrolls  ('?')
  m - an uncursed scroll of identify
  u - an uncursed scroll of remove curse
 Potions  ('!')
  t - an uncursed potion of gain ability
  e - an uncursed potion of healing
 Tools    ('(')
  r - a cursed leash
 Special
 (list likely candidates)

AndiBanandi the Valkyrie's attributes:

Background:
 You were a Skirmisher, a level 5 dwarven Valkyrie.
 You were lawful, on a mission for Tyr
 who was opposed by Odin (neutral) and Loki (chaotic).
 You were right-handed.
 You were in the Dungeons of Doom, on level 2.
 You entered the dungeon 665 turns ago.
 You had 166 experience points, 154 more were needed to attain level 6.

Basics:
 You had 0 out of 56 hit points.
 You had all 9 energy points (spell power).
 Your armor class was 5.
 Your wallet contained 18 zorkmids.
 Autopickup was on for '$"/!?+' plus thrown.

Final Characteristics:
 Your strength was 18 (limit:18/100).
 Your dexterity was 12 (limit:20).
 Your constitution was 20 (limit:20).
 Your intelligence was 9 (limit:16).
 Your wisdom was 9 (limit:16).
 Your charisma was 7 (limit:16).

Final Status:
 You weren't hungry.
 You were unencumbered.
 You were wielding a spear.
 You had basic skill with spear.

Final Attributes:
 You were fervently aligned.
 You were cold resistant.
 You were telepathic.
 You had infravision.
 You were displaced.
 You were stealthy.
 You were warded.
 You are dead.

Miscellaneous:
 You didn't encounter any bones levels.
 Total elapsed playing time was 9 minutes and 13 seconds.

Major events:
 Turn
    1: AndiBanandi the lawful dwarven Valkyrie entered the dungeon
  121: attained the rank of Skirmisher (level 3)
  665: killed by a kitten

You didn't know any spells.

Skills:
 Fighting Skills
   bare handed combat [Unskilled]
   two weapon combat  [Unskilled]
   riding             [Unskilled]
 Weapon Skills
   dagger             [Basic]
   axe                [Unskilled]
   pick-axe           [Unskilled]
   short sword        [Unskilled]
   broadsword         [Unskilled]
   long sword         [Unskilled]
   two-handed sword   [Unskilled]
   saber              [Unskilled]
   hammer             [Unskilled]
   quarterstaff       [Unskilled]
   polearms           [Unskilled]
   spear              [Basic]
   trident            [Unskilled]
   lance              [Unskilled]
   sling              [Unskilled]
 Spellcasting Skills
   attack spells      [Unskilled]
   escape spells      [Unskilled]

Voluntary challenges:
 Your character was rerolled 19 times.
 You were an atheist.
 You were illiterate.
 You never had a pet.
 You never genocided any monsters.
 You never polymorphed an object.
 You never changed form.
 You used no wishes.
Achievements:
 You attained the rank of Skirmisher.
 You entered a shop.

 The Dungeons of Doom: levels 1 to 2
    Level 1:
    Level 2: <- You were here.
       A general store, a fountain.
       Final resting place for
          you, killed by a kitten.


Vanquished creatures:
  6 fog clouds
  a floating eye
  a kitten
  a homunculus
  a wererat
  2 manes
  a hobgoblin
  a giant rat
  2 cave spiders
  a yellow mold
  2 jackals
  a fox
  2 goblins
  a sewer rat
  3 newts
26 creatures vanquished.

No species were genocided or became extinct.

Game over:
                       ----------
                      /          \
                     /    REST    \
                    /      IN      \
                   /     PEACE      \
                  /                  \
                  |   AndiBanandi    |
                  |      18 Au       |
                  |   killed by a    |
                  |      kitten      |
                  |                  |
                  |                  |
                  |       2026       |
                 *|     *  *  *      | *
        _________)/\\_//(\/(/\)/\//\/|_)_______

Farvel AndiBanandi the Valkyrie...

You died in The Dungeons of Doom on dungeon level 2 with 731 points,
and 18 pieces of gold, after 665 moves.
You were level 5 with a maximum of 56 hit points when you died.

